 Dungeon Crawl Stone Soup version 0.30.0-5-g1a98f26d00 (webtiles) character file.

Game seed: 107496823187983171

376 hbarley the Chopper (level 6, 0/55 HPs)
             Began as a Hill Orc Fighter on May 10, 2023.
             Slain by a gnoll
             ... wielding a +0 spear
              (7 damage)
             ... on level 5 of the Dungeon.
             The game lasted 00:08:04 (3760 turns).

hbarley the Chopper (Hill Orc Fighter)              Turns: 3760, Time: 00:08:05

Health: 0/55       AC: 11    Str: 21    XL:     6   Next: 73%
Magic:  6/6        EV:  9    Int:  8    God:
Gold:   267        SH:  4    Dex: 10    Spells: 5/5 levels left

rFire   + . .        a - +0 war axe
rCold   . . .        c - +0 buckler
rNeg    . . .        m - +2 scale mail {rF+}
rPois   .            e - +0 helmet
rElec   .            l - +0 cloak
rCorr   .            (no gloves)
SInv    .            (no boots)
Will    .....        (no amulet) Stlth
                     (no ring)
HPRegen 0.29/turn    (no ring)
MPRegen 0.10/turn

%: no passive effects
@: no status effects
A: no striking features
a: no special abilities


You were on level 5 of the Dungeon.
You visited 1 branch of the dungeon, and saw 5 of its levels.

You collected 267 gold pieces.

Inventory:

Hand Weapons
 a - a +0 war axe (weapon)
 s - a +2 dagger of venom
Armour
 b - a +0 scale mail
 c - a +0 buckler (worn)
 e - a +0 helmet (worn)
 g - a +1 ring mail of poison resistance
 l - a +0 cloak (worn)
 m - a +2 scale mail of fire resistance (worn)
 w - a +0 helmet
Jewellery
 q - a ring of protection from fire
Wands
 x - a wand of paralysis (7)
Scrolls
 f - 2 scrolls of silence {unknown}
 j - 2 scrolls of enchant armour {unknown}
 k - 2 scrolls of amnesia {unknown}
 n - 2 scrolls of vulnerability {unknown}
 r - 5 scrolls of teleportation {unknown}
 t - 2 scrolls of identify {unknown}
 v - 2 scrolls of noise {unknown}
 y - a scroll of butterflies {unknown}
Potions
 d - 2 potions of might
 h - 4 potions of curing
 i - 2 potions of degeneration {unknown}
 o - a potion of attraction {unknown}
 p - a potion of magic {unknown}
 u - 2 potions of mutation {unknown}
 z - a potion of heal wounds {unknown}


   Skills:
 + Level 4.9 Fighting
 + Level 6.1 Axes
 + Level 4.6 Armour
 + Level 1.2 Dodging
 + Level 0.2 Stealth
 + Level 4.1 Shields


You had 5 spell levels left.
You didn't know any spells.
Your spell library was empty.

Dungeon Overview and Level Annotations

Branches:
Dungeon (5/15)
 Temple: D:4-7

Altars:
Cheibriados
Fedhas
Hepliaklqana
Nemelex Xobeh
Vehumet
Xom
Zin


Message History

You hit the gnoll.
The gnoll is heavily wounded.
You closely miss the gnoll. x3; The gnoll barely misses you.
The gnoll hits you with a +0 spear. x2; The gnoll barely misses you.
You hit the gnoll.
The gnoll is almost dead.
You hit the gnoll. You closely miss the gnoll. You completely miss the gnoll.
The gnoll hits you with a +0 whip. The gnoll hits you but does no damage.
The gnoll closely misses you. The gnoll hits you but does no damage.
You hit the gnoll.
You kill the gnoll!
You slash the gnoll! You hit the gnoll but do no damage. You slash the gnoll!
You block the gnoll's attack. The gnoll closely misses you.
The gnoll hits you with a +0 spear. You block the gnoll's attack.
The gnoll hits you from afar with a +0 spear.
The gnoll hits you with a +0 spear.
Things that are here:
a +0 club; a gnoll corpse The gnoll closely misses you.
The gnoll hits you but does no damage.
You hit the gnoll.
The gnoll is almost dead.
You closely miss the gnoll. The gnoll hits you with a +0 whip.
The gnoll hits you from afar with a +0 spear.
The gnoll hits you with a +0 spear.
* * * LOW HITPOINT WARNING * * *
You closely miss the gnoll.
The gnoll is almost dead.
You hit the gnoll.
You kill the gnoll!
The gnoll hits you but does no damage.
The gnoll hits you from afar with a +0 spear.
* * * LOW HITPOINT WARNING * * *
The gnoll hits you with a +0 whip.
* * * LOW HITPOINT WARNING * * *
The gnoll barely misses you.
You slash the gnoll!
You kill the gnoll!
The gnoll hits you from afar with a +0 spear!
You die...

#.#######.##.#..#
#.#
#...............#
#<#
#########.####..#
### ###.# #..#
#...####..#
#..)......#
#...###...# #...#
#†..# # #.@.#
#...#
#.#.#)).###...#
#...g.........#
##.#########..# #
#..# #..# ...
.### .#


You could see a gnoll.

Vanquished Creatures
  An orc priest (D:5)
  Terence (D:2)
  Jessica (D:3)
  2 iguanas
  An orc wizard (D:3)
  3 gnolls (D:5)
  8 adders
  3 worms
  2 dart slugs (D:1)
  11 orcs
  7 endoplasms
  2 giant cockroaches
  7 goblins
  12 hobgoblins
  6 jackals
  8 kobolds
  8 quokkas
  7 ball pythons
  8 bats
  3 frilled lizards
  7 rats
108 creatures vanquished.

Notes
Turn   | Place    | Note
-------+----------+-------------------------------------------
     0 | D:1      | hbarley the Hill Orc Fighter began the quest for the Orb.
     0 | D:1      | Reached XP level 1. HP: 19/19 MP: 1/1
    59 | D:1      | Reached XP level 2. HP: 14/27 MP: 2/2
   175 | D:1      | Reached skill level 3 in Axes
   376 | D:1      | Reached XP level 3. HP: 33/33 MP: 3/3
   628 | D:1      | Found a faded altar of an unknown god.
   842 | D:2      | Noticed Terence
   861 | D:2      | Killed Terence
   862 | D:2      | Reached XP level 4. HP: 15/40 MP: 4/4
  1003 | D:2      | Reached skill level 4 in Axes
  1270 | D:2      | Reached XP level 5. HP: 46/47 MP: 5/5
  1911 | D:3      | Found a sparkling altar of Nemelex Xobeh.
  1911 | D:3      | Found a snail-covered altar of Cheibriados.
  2239 | D:3      | Reached skill level 1 in Dodging
  2405 | D:3      | Reached skill level 5 in Axes
  2449 | D:3      | Noticed Jessica
  2454 | D:3      | Killed Jessica
  2455 | D:3      | Reached XP level 6. HP: 40/53 MP: 6/6
  2670 | D:3      | Found a glowing silver altar of Zin.
  2846 | D:4      | Found a shimmering altar of Xom.
  2849 | D:4      | Found a blossoming altar of Fedhas.
  3012 | D:4      | Found a radiant altar of Vehumet.
  3364 | D:5      | Entered Level 5 of the Dungeon
  3513 | D:5      | Found a hazy altar of Hepliaklqana.
  3621 | D:5      | Reached skill level 6 in Axes
  3760 | D:5      | Slain by a gnoll

Illustrated notes

Levels and vault maps discovered:
D:1:      mrwooster_arrival_statue, layout_basic,
          hellmonk_ecumenical_altar_inner_sanctum
D:2:      minmay_skewed_foursquare, layout_loops_cross, minmay_hexomino_p4,
          uniq_terence
D:3:      layout_loops_cross, mainiacjoe_overflow_alcove_2,
          mainiacjoe_overflow_divided_tiny, uniq_jessica
D:4:      layout_rooms, lemuel_tele_altar, minitemple, corexii_hall_statues_l,
          minmay_misc_feat_square
D:5:      layout_basic, lemuel_round_altar, minmay_temple_entry_hall,
          corexii_checkpoint_a, nicolae_figureground_pulse

Skill      XL: |  1  2  3  4  5  6 |
---------------+-------------------+-----
Axes           | 3 4 5 6 |  6.1
Fighting       | 4 |  4.9
Armour         | 4 |  4.6
Dodging        | 1 |  1.2
Shields        | 4 |  4.1
Stealth        | |  0.2

Action                     |  1- 3 |  4- 6 || total
---------------------------+-------+-------++-------
  Melee: War axe           |    75 |   240 ||   315
 Armour: Scale mail        |     2 |   119 ||   121
         Ring mail         |    18 |       ||    18
  Dodge: Dodged            |    40 |   133 ||   173
  Block: Buckler           |    18 |    61 ||    79
